 Dungeon Crawl Stone Soup version 0.29.1-15-g9cfb28693d (webtiles) character file.

Game seed: 14842885145484271384

2 Maxx the Ducker (level 1, 0/10 HPs)
             Began as a Felid Chaos Knight on Apr 3, 2023.
             Was a Plaything of Xom.
             Slain by a goblin
             ... wielding a +0 club
              (3 damage)
             ... on level 2 of the Dungeon.
             The game lasted 00:00:59 (449 turns).

Maxx the Ducker (Felid Chaos Knight)                 Turns: 449, Time: 00:01:00

Health: 0/10       AC:  1    Str:  8    XL:     1   Next: 33%
Magic:  2/2        EV: 17    Int: 13    God:    Xom [*.....]
Gold:   15         SH:  0    Dex: 15    Spells: 0/0 levels left
                                        Lives:  0   Deaths: 0

rFire   . . .      SeeInvis +     - Unarmed
rCold   . . .      Faith    .   (shield unavailable)
rNeg    . . .      Spirit   .   (body armour unavailable)
rPois   .          Reflect  .   (helmet unavailable)
rElec   .          Harm     .   (cloak unavailable)
rCorr   .          Rampage  .   (gloves unavailable)
Will    .....                   (boots unavailable)
Stlth   +.........              (no amulet)
HPRegen 0.03/turn               (no ring)
MPRegen 0.08/turn               (no ring)

@: quick
A: very small, claws 1, fangs 3, see invisible, speed 1, shaggy fur 1, stealthy
paws, no weapons or thrown items, no armour, multi-lived
a: Renounce Religion


You were on level 2 of the Dungeon.
You worshipped Xom.
You were a special plaything of Xom.
You visited 1 branch of the dungeon, and saw 2 of its levels.

You collected 15 gold pieces.

Inventory:

Miscellaneous
 a - a piece from Xom's chessboard (13/15) (quivered)


   Skills:
 * Level 3.0 Fighting
 * Level 3.3 Dodging
 * Level 3.0 Unarmed Combat
 * Level 0.2 Evocations


You couldn't memorise any spells.
You didn't know any spells.
Your spell library was empty.

Dungeon Overview and Level Annotations

Branches:
Dungeon (2/15)

Altars:


Innate Abilities, Weirdness & Mutations

You have sharp claws.
You have razor-sharp teeth.
You have supernaturally acute eyesight. (SInv)
You cover ground quickly. (Speed+)
You are covered in fur. (AC +1)
Your paws help you pounce on unaware monsters.
You are incapable of wielding weapons or throwing items.
You cannot wear armour.
You gain extra lives every three experience levels.


Message History

A ball python comes into view.
The ball python hisses angrily.
You hear a shout!
A goblin comes into view. It is wielding a +0 club.
You see here a +0 hand axe.
The ball python closely misses you. The ball python misses you.
You barely miss the ball python. The ball python misses you.
The ball python grabs you. The ball python constricts you.
You closely miss the ball python. The goblin closely misses you.
The ball python bites you. The ball python constricts you.
You scratch the ball python.
The ball python is severely wounded.
The ball python closely misses you. The ball python constricts you.
The goblin barely misses you.
A quokka comes into view.
You escape the ball python's grasp.
You see here a +0 hand axe.
You aren't carrying any potions.
You closely miss the ball python.
The ball python is severely wounded.
The ball python barely misses you. The ball python misses you. x2
The ball python grabs you. The ball python constricts you.
* * * LOW HITPOINT WARNING * * *
You emit a cloud of colourful smoke!
You scratch the ball python.
You kill the ball python!
Non-targeted evoke: piece from Xom's chessboard (14/15)
Press: ? - help, Q - select action Dir - look around, f - activate Look: a goblin, wielding a +0 club (magical condensation)
You make a move on Xom's chessboard...
The goblin seems to speed up.
The goblin closely misses you. The goblin completely misses you.
Unknown command.
You closely miss the goblin. Your bite misses the goblin.
The goblin closely misses you.
You closely miss the goblin. The goblin barely misses you.
The goblin closely misses you.
You scratch the goblin.
The goblin is moderately wounded.
The goblin hits you with a +0 club.
You die... "Huh?
Did I miss anything?"

..####...########.#.####
..................#.#
...........########.#
####..<....# #.#
###...### #.# #...# #.#
##.§# #.# ##§§# #.#
#§@#.# #.# #g###.. #§.#
### #...# ...## .#...
..#.### #. ... .. ..#


You could see a goblin (fast).

Vanquished Creatures
  A hobgoblin (D:1)
  A ball python (D:2)
  A rat (D:1)
3 creatures vanquished.

Notes
Turn   | Place    | Note
-------+----------+-------------------------------------------
     0 | D:1      | Maxx the Felid Chaos Knight began the quest for the Orb.
     0 | D:1      | Reached XP level 1. HP: 10/10 MP: 2/2
    51 | D:1      | XOM: silly message
   444 | D:2      | XOM: smoke on damage
   449 | D:2      | Slain by a goblin

Illustrated notes

Levels and vault maps discovered:
D:1:      shiori_angband_town, layout_basic, minmay_misc_feat_five, st_stairs_2
D:2:      layout_loops_ring, basic_ecumenical_altar, basic_altar,
          minmay_shallow_snake_nest

Action                   || total
-------------------------++-------
Melee: Unarmed           ||    17
Evoke: Piece from Xom's  ||     2
Dodge: Dodged            ||    18
